Map: Deathaura LE

Players

ArT

  • Race: Protoss Protoss
  • Spawn Location: 11:00

LiquidMaNa (MaNa) - Winner!

  • Race: Protoss Protoss
  • League: Grandmaster
  • Spawn Location: 5:00

Event: DreamHack SC2 Masters 2020 Summer Europe

VOD

Have the link to the VOD?

Description

Time

  • Played on: June 25, 2020, 11:40 a.m.
  • Length: 11:07

All games in this series

Show
View Real Time Build Order
Export as new Build Order

ArT Protoss 

Build Orders: Phoenix Opening 

Get SALT Encoding   

  12  0:00  Probe  
  13  0:13  Probe  
  14  0:19  Pylon  
  14  0:24  Probe  
  15  0:33  Probe  
  15  0:39  Gateway  
  15  0:41  Probe  
  16  0:47  Assimilator  
  17  0:52  Probe  
  17  0:55  Assimilator  
  18  1:00  Probe  
  18  1:08  Probe  
  18  1:09  Gateway  
  20  1:19  Probe  
  21  1:26  Cybernetics Core  
  21  1:31  Probe  
  22  1:36  Pylon  
  22  1:43  Probe  
  23  1:53  Warp Gate  
  23  1:59  Probe  
  24  2:02  Stalker x2  
  28  2:09  Pylon  
  28  2:32  Sentry  
  28  2:33  Sentry  
  31  2:42  Nexus  
  31  2:52  Shield Battery  
  31  3:01  Robotics Facility  
  31  3:03  Probe  
  32  3:07  Phoenix  
  32  3:15  Probe  
  33  3:26  Pylon  
  33  3:41  Immortal, Stalker  
  33  3:42  Stalker  
  33  3:47  Shield Battery  
  41  3:58  Probe x2  
  43  4:06  Stalker  
  43  4:08  Stalker  
  47  4:17  Probe  
  47  4:18  Probe  
  49  4:25  Probe  
  49  4:26  Probe  
  49  4:30  Stalker  
  53  4:33  Probe  
  53  4:37  Pylon  
  54  4:42  Shield Battery  
  54  4:55  Shield Battery, Probe x2  
  54  4:58  Stalker  
  56  5:03  Stalker  
  54  5:07  Probe  
  54  5:12  Probe  
  55  5:19  Twilight Council, Probe  
  56  5:21  Probe  
  57  5:29  Pylon, Probe  
  57  5:31  Probe  
  59  5:38  Probe  
  57  5:43  Probe  
  57  5:49  Forge  
  58  5:51  Probe  
  58  5:53  Blink  
  58  5:55  Probe  
  58  5:56  Pylon  
  60  6:00  Probe  
  59  6:08  Probe  
  59  6:09  Observer, Probe  
  61  6:17  Protoss Ground Weapons Level 1, Probe, Pylon  
  62  6:20  Probe  
  63  6:29  Probe  
  63  6:31  Probe  
  63  6:39  Assimilator, Probe  
  63  6:40  Warp Prism  
  63  6:41  Assimilator, Probe  
  67  6:47  Probe  
  67  6:53  Probe, Pylon  
  69  6:57  Gateway  
  69  6:58  Probe  
  69  6:59  Gateway  
  70  7:04  Gateway  
  70  7:05  Probe  
  71  7:14  Gateway  
  71  7:21  Probe  
  72  7:28  Nexus  
  72  7:35  Templar Archives  
  72  7:40  Pylon  
  72  7:45  Observer  
  72  7:51  Gateway  
  72  7:53  Gateway  
  72  7:54  Charge  
  72  7:55  Pylon  
  72  8:05  Protoss Ground Weapons Level 2  
  72  8:09  Zealot  
  72  8:11  High Templar x3  
  72  8:12  High Templar, Zealot  
  82  8:15  Warp Prism  
  82  8:16  Archon  
  82  8:17  Archon  
  86  8:20  Pylon  
  86  8:30  Pylon  
  86  8:36  High Templar x2  
  86  8:40  Archon  
  90  8:50  Zealot x5  
  96  9:02  Zealot  
  96  9:09  Shield Battery  
  98  9:11  High Templar x2, Zealot x2  
  98  9:12  Zealot  
  98  9:15  Archon  
  108  9:23  High Templar  
  108  9:24  High Templar, Zealot  
  114  9:30  Archon  
  114  9:39  Zealot x3  
  114  9:41  Pylon  
  120  9:46  Robotics Bay  
  120  9:53  Probe x3  
  120  9:59  Photon Cannon  
  123  10:02  Probe  
  123  10:03  Probe  
  123  10:04  Probe  
  125  10:10  Probe  
  125  10:11  Assimilator  
  125  10:13  Assimilator, Probe x2  
  126  10:21  Zealot x4  
  133  10:23  Probe  
  133  10:24  Probe  
  133  10:26  Pylon  
  139  10:40  Zealot x2  
  136  10:47  Zealot x4  
  127  10:53  Zealot x2  
  111  11:00  Zealot  
Show
View Real Time Build Order
Export as new Build Order

LiquidMaNa Protoss - Winner!

Build Orders: Oracle Opening, Archon Immortal 

Get SALT Encoding   

  12  0:00  Probe  
  13  0:12  Probe  
  14  0:17  Pylon  
  14  0:24  Probe  
  15  0:32  Probe  
  15  0:38  Gateway  
  15  0:40  Probe  
  16  0:46  Assimilator  
  17  0:51  Probe  
  17  0:54  Assimilator  
  18  0:59  Probe  
  19  1:07  Gateway, Probe  
  19  1:17  Probe  
  21  1:26  Cybernetics Core  
  21  1:29  Probe  
  22  1:34  Pylon  
  22  1:41  Probe  
  23  1:52  Warp Gate  
  23  1:53  Probe  
  24  2:01  Adept  
  24  2:02  Adept  
  24  2:05  Probe  
  30  2:27  Pylon  
  29  2:31  Adept  
  29  2:34  Stargate  
  31  2:45  Adept  
  33  2:55  Nexus  
  33  3:01  Adept  
  35  3:12  Pylon  
  35  3:14  Adept  
  37  3:30  Pylon  
  37  3:32  Probe  
  38  3:38  Oracle  
  38  3:44  Probe  
  39  3:52  Adept x2  
  46  3:56  Probe  
  46  3:57  Pylon  
  47  4:08  Probe  
  48  4:10  Probe  
  48  4:15  Oracle  
  52  4:19  Probe  
  52  4:20  Sentry, Probe  
  52  4:21  Sentry  
  58  4:27  Probe  
  58  4:29  Probe  
  58  4:35  Probe, Robotics Facility  
  58  4:37  Probe  
  62  4:47  Probe  
  62  4:50  Forge, Probe  
  64  4:59  Probe  
  65  5:03  Probe  
  65  5:06  Protoss Ground Weapons Level 1  
  64  5:11  Probe  
  64  5:12  Immortal  
  61  5:15  Probe  
  61  5:18  Assimilator x2  
  62  5:23  Probe, Pylon x2  
  67  5:35  Probe x2  
  67  5:48  Probe  
  66  5:51  Immortal  
  66  5:56  Gateway  
  70  5:59  Gateway  
  70  6:02  Twilight Council  
  70  6:11  Gateway  
  70  6:13  Gateway  
  70  6:15  Pylon  
  70  6:16  Pylon  
  70  6:18  Probe x2  
  72  6:30  Charge  
  68  6:32  Immortal  
  68  6:34  Probe  
  71  6:41  Zealot x2  
  71  6:42  Templar Archives  
  71  6:43  Gateway  
  71  6:46  Gateway  
  75  6:51  Templar Archives  
  75  6:57  Shield Battery  
  75  7:03  Protoss Ground Weapons Level 2  
  75  7:07  Warp Prism, Zealot  
  75  7:08  Zealot  
  81  7:23  High Templar x2  
  81  7:26  Pylon  
  81  7:29  Archon  
  85  7:32  Nexus  
  85  7:40  Zealot x2  
  85  7:41  Zealot  
  91  7:46  Observer, Pylon  
  91  7:50  Zealot  
  94  7:59  High Templar  
  94  8:00  High Templar  
  94  8:01  Probe x2  
  94  8:05  Archon  
  100  8:07  Immortal  
  104  8:13  Shield Battery  
  104  8:14  Shield Battery  
  103  8:34  High Templar x2  
  103  8:36  Probe x2  
  103  8:39  Archon  
  109  8:44  Assimilator, Probe  
  110  8:48  Probe x2  
  110  8:51  Immortal  
  116  8:56  Probe  
  116  9:01  Zealot x4  
  125  9:04  Pylon  
  125  9:09  Photon Cannon  
  125  9:13  Pylon  
  125  9:14  Phoenix, Pylon  
  127  9:26  High Templar x2  
  127  9:30  Photon Cannon, Assimilator  
  131  9:33  Archon  
  131  9:34  Immortal  
  135  9:45  Zealot x2  
  135  9:46  Zealot x3  
  145  9:53  Pylon  
  145  9:56  Pylon  
  145  10:00  Pylon  
  145  10:05  Gateway  
  145  10:06  Gateway  
  145  10:15  High Templar x4  
  145  10:16  Zealot x2  
  145  10:19  Archon, Zealot  
  145  10:20  Archon, Zealot  
  161  10:29  Pylon  
  161  10:31  Pylon  
  157  10:50  Zealot x7  
  157  10:51  Zealot  
  164  11:02  Stalker  
  164  11:03  Zealot  
Tags
 
Add a new tag
Caveats
  • Supply blocks, unpowered buildings, or Contaminate may cause inaccurate times.
  • Supply counts are checked every 10 seconds.